 Dungeon Crawl Stone Soup version 0.23-a0-558-g30802b1 (webtiles) character file.

424 zishaf the Poker (level 6, -6/51 HPs)
             Began as a Merfolk Monk on Dec 13, 2018.
             Was a Follower of Yredelemnul.
             Mangled by an orc warrior
             ... wielding a +0 glaive
              (15 damage)
             ... on level 6 of the Dungeon.
             The game lasted 00:11:14 (5676 turns).

zishaf the Poker (Merfolk Monk)                     Turns: 5676, Time: 00:11:14

Health: -6/51      AC: 14    Str: 12    XL:     6   Next: 96%
Magic:  6/6        EV: -1    Int: 11    God:    Yredelemnul [*.....]
Gold:   145        SH:  2    Dex: 16    Spells: 5/5 levels left

rFire    + + .     SeeInvis .   a - +1 spear
rCold    + + .     Gourm    .   (no shield)
rNeg     . . .     Faith    .   q - +1 gold dragon scales
rPois    +         Spirit   .   C - +0 hat
rElec    .         Reflect  +   (no cloak)
rCorr    .         Harm     .   (no gloves)
MR       .....                  (no boots)
Stlth    ..........             h - +2 amulet of reflection
HPRegen  0.17/turn              p - ring of protection from cold
MPRegen  0.10/turn              u - ring of protection from fire

@: no status effects
A: change form in water, swift swim, stealthy swim
a: Animate Remains, Renounce Religion


You were on level 6 of the Dungeon.
You worshipped Yredelemnul.
Yredelemnul was aware of your devotion.
You were not hungry.

You visited 2 branches of the dungeon, and saw 7 of its levels.

You collected 145 gold pieces.

Inventory:

Hand Weapons
 a - a +1 spear (weapon)
Missiles
 e - 18 poisoned needles
 y - 5 tomahawks (quivered)
Armour
 q - +1 gold dragon scales (worn)
 C - a +0 hat (worn)
Jewellery
 h - a +2 amulet of reflection (around neck)
 p - a ring of protection from cold (left hand)
 u - a ring of protection from fire (right hand)
Wands
 w - a wand of enslavement (8)
Scrolls
 d - 5 scrolls of fog
 f - 7 scrolls of remove curse
 g - a scroll of enchant weapon
 m - 4 scrolls of teleportation
 n - 3 scrolls of immolation
 o - a scroll of identify
 t - a scroll of amnesia {unknown}
Potions
 i - 2 potions of curing {unknown}
 j - a potion of resistance {unknown}
 k - a potion of invisibility {unknown}
 l - 6 potions of might {unknown}
 s - 2 potions of brilliance
 v - 2 potions of berserk rage {unknown}
 z - a potion of cancellation {unknown}
Comestibles
 c - 7 rations


   Skills:
 + Level 5.0 Fighting
 + Level 6.6 Polearms
 + Level 2.3 Armour
 - Level 4.0 Dodging
 + Level 4.5 Stealth
 + Level 0.5 Invocations


You had 5 spell levels left.
You didn't know any spells.
Your spell library was empty.

Dungeon Overview and Level Annotations

Branches:
Dungeon (6/15)             Temple (1/1) D:5

Altars:
Ashenzari
Cheibriados
Dithmenos
Elyvilon
Fedhas
Gozag
Hepliaklqana
Kikubaaqudgha
Makhleb
Nemelex Xobeh
Okawaru
Qazlal
Ru
Sif Muna
Trog
Uskayaw
Vehumet
Wu Jian
Xom
Yredelemnul
Zin
The Shining One


Message History

An orc wizard comes into view. It is wielding a -3 dagger.
The orc wizard shouts!
The orc wizard points at you and mumbles some strange words.
The magic dart hits you!
An orc warrior and an orc wizard come into view.
The orc wizard shouts!
The hound bites you.
The orc priest calls down the wrath of Beogh upon you.
Beogh smites you!
* * * LOW HITPOINT WARNING * * *
The orc priest completely misses you.
You hit the orc wizard.
The orc wizard is heavily wounded.
The hound bites you but does no damage.
The orc wizard hits you but does no damage.
The orc priest completely misses you. The hound bites you but does no damage.
The orc wizard hits you but does no damage.
The orc warrior hits you from afar with a +0 glaive!
You die...
Your body rises from the dead as a mindless zombie.

*,,,,,,* *********,
*,*#+#** *,,,,,,**, *,*#.#
*,,,,,,**,
*,##.#******,,,,,,**,
#,#...,,,,,,,,,,,,+,,
#.#..#******,,,,,,**,
***####.#..# ***********,
*,,........####*≈≈≈≈≈≈≈,**,
*,***##.#o@...#≈********,,,
*,* #..ooh...#≈**,,≈≈≈**,,
*,* #....o####≈*≈*****≈*,,
*,***#.###c# *,*≈*∩≈**≈*,,
*,*,..,>,#o# *≈*≈***,*,*,,
*,*..,,,,#o# *≈*≈≈≈≈**,***
*,*.,,,,,#o# *≈*******≈*
*,***#.**#.#####≈≈≈≈≈,≈**
*,* #.###r#.?.#####****


You could see 2 orc warriors, a centaur, a hound, an orc priest, 2 orc wizards
and 2 orcs.

Vanquished Creatures
  A bullfrog zombie (D:5)
  A bullfrog skeleton (D:5)
  2 orc priests (D:4)
  2 iguanas
  3 worker ants
  8 adders
  A shadow imp (D:5)
  2 oozes
  An adder skeleton (D:4)
  A worm (D:5)
  3 dart slugs
  2 leopard geckos
  5 orcs
  A giant cockroach (D:1)
  5 goblins
  10 hobgoblins
  11 jackals
  5 kobolds
  5 quokkas
  2 ball pythons
  6 bats
  5 frilled lizards
  A quokka skeleton (D:5)
  6 rats
89 creatures vanquished.

Notes
Turn   | Place    | Note
-------+----------+-------------------------------------------
     0 | D:1      | zishaf the Merfolk Monk began the quest for the Orb.
     0 | D:1      | Reached XP level 1. HP: 18/18 MP: 1/1
    87 | D:1      | Reached XP level 2. HP: 22/24 MP: 2/2
   549 | D:1      | Reached XP level 3. HP: 29/29 MP: 3/3
   657 | D:1      | Reached skill level 5 in Polearms
   832 | D:2      | Reached skill level 1 in Armour
   849 | D:2      | Reached XP level 4. HP: 9/37 MP: 4/4
  1972 | D:4      | Reached XP level 5. HP: 35/42 MP: 5/5
  2926 | D:4      | Reached skill level 6 in Polearms
  2926 | D:4      | Reached XP level 6. HP: 47/49 MP: 6/6
  3020 | D:5      | Entered Level 5 of the Dungeon
  3626 | D:5      | HP: 1/50 [iguana (9)]
  3966 | D:5      | Noticed a sky beast
  4038 | D:5      | Found a staircase to the Ecumenical Temple.
  4049 | Temple   | Entered the Ecumenical Temple
  4397 | Temple   | Became a worshipper of Yredelemnul the Dark
  4397 | Temple   | Reached * piety under Yredelemnul
  4397 | Temple   | Reached ** piety under Yredelemnul
  4450 | D:5      | Found a sacrificial altar of Ru.
  5279 | D:5      | Reached skill level 5 in Fighting
  5656 | D:6      | Noticed an orc warrior
  5672 | D:6      | Noticed an orc warrior
  5676 | D:6      | Mangled by an orc warrior

Vault maps used:
D:1:      mrwooster_arrival_statue_3
D:2:      small_statue_intersection
D:4:      first_ration, roderic_lattice_a
D:5:      nicolae_ru_awakened_eye, minmay_temple_entry_glassed_door,
          chequers_serial_rivers_large_b
D:6:      gup_sewer_entry_spiral, serial_shops, nicolae_shop_crystal
Temple:   roderic_octagonal_lattice_temple

Skill      XL: |  1  2  3  4  5  6 |
---------------+-------------------+-----
Polearms       | 5 6 |  6.6
Armour         | 1 2 |  2.3
Stealth        | 3 4 |  4.5
Fighting       | 4 5 |  5.0
Dodging        | |  4.0
Invocations    | |  0.5

Action                   |  1- 3 |  4- 6 || total
-------------------------+-------+-------++-------
Melee: Spear             |   173 |   514 ||   687
  Use: Scroll            |       |    10 ||    10
  Eat: Chunk             |       |    10 ||    10
       Ration            |       |     2 ||     2
Armor: Plate armour      |    80 |    14 ||    94
       Gold dragon scale |       |   335 ||   335
Dodge: Dodged            |    19 |    15 ||    34
Block: Other             |     7 |    28 ||    35

Table legend:
 A = Non-vault XP
 B = Vault XP
 C = Vault XP percentage of total XP
 D = Non-vault monster count
 E = Vault monster count
 F = Vault count percentage of total count
                 A         B        C        D         E       F
            +---------+---------+-------+---------+---------+-------
      Total |     607 |       0 |   0.0 |      89 |       0 |   0.0
            +---------+---------+-------+---------+---------+-------
        D:1 |      50 |       0 |   0.0 |      26 |       0 |   0.0
        D:2 |      79 |       0 |   0.0 |      27 |       0 |   0.0
        D:3 |      24 |       0 |   0.0 |       9 |       0 |   0.0
        D:4 |     257 |       0 |   0.0 |      16 |       0 |   0.0
        D:5 |     197 |       0 |   0.0 |      11 |       0 |   0.0
            +---------+---------+-------+---------+---------+-------
